 Dungeon Crawl Stone Soup version 0.25.0-9-g26727b657a (console) character file.

Game seed: 2067630224242469374

653 Garrluk the Carver (level 7, -8/52 HPs)
             Began as a Formicid Fighter on June 17, 2020.
             Was a Follower of Wu Jian.
             Mangled by a warg (13 damage)
             ... on level 8 of the Dungeon.
             The game lasted 00:15:48 (3070 turns).

Garrluk the Carver (Formicid Fighter)               Turns: 3070, Time: 00:15:49

Health: -8/52      AC:  9    Str: 23    XL:     7   Next: 84%
Magic:  7/7        EV:  8    Int:  7    God:    Wu Jian [*.....]
Gold:   135        SH:  9    Dex: 10    Spells: 6/6 levels left

rFire    + . .     SeeInvis +   n - +0 scimitar
rCold    . . .     Gourm    .   c - +0 kite shield
rNeg     . . .     Faith    .   j - +1 scale mail {rF+}
rPois    .         Spirit   .   (helmet unavailable)
rElec    .         Reflect  .   e - +0 cloak
rCorr    +         Harm     .   (no gloves)
MR       .....                  (no boots)
Stlth    ..........             (no amulet)
HPRegen  0.17/turn              u - ring of resist corrosion
MPRegen  0.10/turn              (no ring)

@: stab
A: permanent stasis, dig shafts and tunnels, four strong arms, antennae 3
a: Dig, Shaft Self, Renounce Religion


You were on level 8 of the Dungeon.
You worshipped Wu Jian.
Wu Jian was aware of your devotion.
You were hungry.

You visited 1 branch of the dungeon, and saw 6 of its levels.

You collected 135 gold pieces.

Inventory:

Hand Weapons
 n - a +0 scimitar (weapon)
Missiles
 b - 13 poisoned darts (quivered)
Armour
 c - a +0 kite shield (worn)
 e - a +0 cloak (worn)
 j - a +1 scale mail of fire resistance (worn)
Jewellery
 u - a ring of resist corrosion (left hand)
Scrolls
 a - a scroll of magic mapping {unknown}
 h - a scroll of blinking {unknown}
 l - 2 scrolls of enchant weapon {unknown}
 m - a scroll of remove curse {unknown}
 q - a scroll of fog {unknown}
 t - a scroll of immolation {unknown}
 x - a scroll of amnesia {unknown}
 y - 3 scrolls of identify
Potions
 g - 4 potions of curing
 i - a potion of heal wounds {unknown}
 k - 3 potions of stabbing
 o - 2 potions of mutation {unknown}
 r - a potion of cancellation {unknown}
 s - a potion of ambrosia {unknown}
 v - a potion of resistance {unknown}
 w - a potion of invisibility {unknown}
 z - a potion of brilliance {unknown}
Comestibles
 f - 6 rations


   Skills:
 - Level 3.2 Fighting
 * Level 8.2 Long Blades
 - Level 3.2 Armour
 - Level 3.6 Shields


You had 6 spell levels left.
You didn't know any spells.
Your spell library contained the following spells:

 Spells                   Type           Power        Failure   Level  Hunger
 Beastly Appendage        Tmut           #.....       98%         1    ##.....
 Sticks to Snakes         Tmut           #.......     99%         2    ###....
 Spider Form              Tmut/Pois      #.........   100%        3    ####...
 Ice Form                 Ice/Tmut       #.......     100%        4    #####..
 Blade Hands              Tmut           #.........   100%        5    ######.


Dungeon Overview and Level Annotations

Branches:
Dungeon (5/15)             Temple (0/1) D:5

Altars:
Wu Jian

Annotations:
D:2 Sigmund
D:4 Eustachio, Menkaure
D:5 Pikel


Innate Abilities, Weirdness & Mutations

You cannot be hasted, slowed, berserked, paralysed or teleported.
You can dig through walls and to a lower floor.
Your four strong arms can wield two-handed weapons with a shield.
You have a pair of large antennae on your head. (SInv)


Message History

The warg bites you! The warg bites you but does no damage.
You hit the warg.
The warg is heavily wounded.
The warg bites you but does no damage.
You hit the warg but do no damage.
The warg is heavily wounded.
The warg bites you!
* * * LOW HITPOINT WARNING * * *
The warg bites you.
* * * LOW HITPOINT WARNING * * *
Throwing (i - inventory)
b - 14 poisoned darts (quivered)
Press: ? - help, Shift-Dir - straight line, f/p - warg
Aim: a warg (heavily wounded)
You throw a poisoned dart. The poisoned dart hits the warg.
The warg is heavily wounded.
You block the warg's attack.
It was a potion of stabbing.
You feel ready to backstab. The warg bites you!
You die...

### ##.# #)#######
##......##### #......#...#
#......#...# #@.....'...#
#h.....#...#
###############......#####
..........................
......(...................
...........................
...........................
...............(...........
######'#####...............
... #.....######### .'...
#######


You could see a warg.

Vanquished Creatures
  An orc warrior (D:8)
  An ogre (D:4)
  A water moccasin skeleton (D:5)
  3 orc wizards
  Jessica (D:2)
  A bullfrog skeleton (D:4)
  A centaur skeleton (D:5)
  An iguana (D:4)
  A worker ant (D:4)
  A worker ant zombie (D:8)
  Robin (D:2)
  6 gnolls (D:3)
  4 adders
  5 worms
  2 dart slugs (D:4)
  3 leopard geckos
  6 orcs
  2 giant cockroaches
  15 goblins
  7 hobgoblins
  5 jackals
  A quokka (D:3)
  2 ball pythons
  5 bats
  4 frilled lizards
  7 kobolds
  5 rats
92 creatures vanquished.

Notes
Turn   | Place    | Note
-------+----------+-------------------------------------------
     0 | D:1      | Garrluk the Formicid Fighter began the quest for the Orb.
     0 | D:1      | Reached XP level 1. HP: 18/18 MP: 1/1
   116 | D:1      | Reached XP level 2. HP: 24/24 MP: 2/2
   310 | D:1      | Reached skill level 3 in Long Blades
   454 | D:2      | Reached XP level 3. HP: 24/29 MP: 3/3
   571 | D:2      | Noticed Robin
   595 | D:2      | Killed Robin
   595 | D:2      | Reached skill level 4 in Long Blades
   595 | D:2      | Reached XP level 4. HP: 13/35 MP: 4/4
  1017 | D:2      | Noticed Sigmund
  1022 | D:2      | You fall into a shaft and drop 1 floor!
  1322 | D:3      | Found an ornate altar of the Wu Jian Council.
  1336 | D:3      | Reached XP level 5. HP: 41/41 MP: 5/5
  1344 | D:3      | Became a worshipper of the Wu Jian Council
  1425 | D:2      | Reached skill level 5 in Long Blades
  1841 | D:2      | Noticed Jessica
  1848 | D:2      | Killed Jessica
  1848 | D:2      | Reached XP level 6. HP: 44/47 MP: 6/6
  2054 | D:4      | Reached skill level 6 in Long Blades
  2093 | D:4      | Noticed Eustachio
  2156 | D:4      | Reached * piety under Wu Jian
  2209 | D:4      | Noticed an ogre
  2229 | D:4      | Killed an ogre
  2229 | D:4      | Reached skill level 7 in Long Blades
  2229 | D:4      | Reached XP level 7. HP: 39/52 MP: 7/7
  2306 | D:4      | Noticed Menkaure
  2335 | D:5      | Entered Level 5 of the Dungeon
  2335 | D:5      | Found a staircase to the Ecumenical Temple.
  2498 | D:5      | Noticed Pikel
  2519 | D:5      | You fall into a shaft and drop 3 floors!
  2761 | D:8      | Reached skill level 8 in Long Blades
  3045 | D:8      | Noticed a warg
  3070 | D:8      | Mangled by a warg

Illustrated notes

Levels and vault maps discovered:
D:1:      lemuel_arrival_muddy, layout_rooms, st_stairs_8
D:2:      layout_basic, wander_ebering_terrifying_dragon_lair, uniq_sigmund,
          uniq_robin, uniq_natasha, uniq_jessica
D:3:      layout_rooms, overflow_temple_1_default
D:4:      layout_basic, uniq_eustachio, uniq_menkaure
D:5:      layout_rooms, tso_altar, minmay_temple_entry_butterflies,
          first_ration, uniq_pikel
D:8:      kennysheep_orc_sif_temple, layout_gridville,
          lemuel_coloured_pillars_altar, erik_lair_orcish_takeover, uniq_maurice

Skill      XL: |  1  2  3  4  5  6  7 |
---------------+----------------------+-----
Long Blades    | 3 4 5 7 8 |  8.2
Fighting       | |  3.2
Armour         | |  3.2
Shields        | |  3.6

Action                   |  1- 3 |  4- 6 |  7- 9 || total
-------------------------+-------+-------+-------++-------
Melee: Long sword        |   107 |    24 |       ||   131
       Scimitar          |       |   183 |    58 ||   241
Throw: Dart              |     3 |    13 |     9 ||    25
       Throwing net      |       |       |     2 ||     2
Invok: Lunge             |       |     5 |     5 ||    10
       Whirlwind         |       |       |     4 ||     4
 Abil: Dig               |    15 |    15 |     4 ||    34
       Shaft Self        |       |     1 |     1 ||     2
  Use: Scroll            |     2 |       |       ||     2
       Potion            |       |       |     2 ||     2
  Eat: Chunk             |       |     8 |     3 ||    11
Armor: Scale mail        |    57 |    70 |    22 ||   149
Dodge: Dodged            |    28 |    48 |    12 ||    88
Block: Kite shield       |    57 |    95 |    16 ||   168
       Rpst.: Long sword |     9 |     1 |       ||    10
       Scimitar          |       |    18 |       ||    18
